 Dungeon Crawl Stone Soup version 0.18.1-5-g4a78601 (webtiles) character file.

95 Gottschkopf the Skirmisher (level 4, 0/44 HPs)
             Began as a Draconian Berserker on May 13, 2016.
             Was a Believer of Trog.
             Succumbed to an adder's poison
             ... on level 6 of the Dungeon.
             The game lasted 00:04:23 (2020 turns).

Gottschkopf the Skirmisher (Draconian Berserker)    Turns: 2020, Time: 00:04:24

Health: 0/44       AC:  5    Str: 19 (20) XL:     4   Next: 40%
Magic:  4/4        EV: 12    Int:  5 (7)  God:    Trog [**....]
Gold:   177        SH:  0    Dex: 10 (11) Spells: 0 memorised, 3 levels left

rFire  . . .     SeeInvis .     a - +0 mace
rCold  . . .     Gourm    .     (armour unavailable)
rNeg   . . .     Faith    .     (no shield)
rPois  .         Spirit   .     (helmet restricted)
rElec  .         Dismiss  .     (no cloak)
rCorr  .         Reflect  .     (no gloves)
SustAt .         Harm     .     (no boots)
MR     .....                    (no amulet)
Stlth  +.........               (no ring)
                                (no ring)

@: lethally poisoned (0 -> -4), exhausted, slowed, very slow, not resistant to
hostile enchantments, very unstealthy
A: unfitting armour, cold-blooded, AC +5
a: Berserk, Trog's Hand, Burn Spellbooks, Renounce Religion


You were on level 6 of the Dungeon.
You worshipped Trog.
Trog was pleased with you.
You were hungry.

You visited 1 branch of the dungeon, and saw 4 of its levels.

You collected 177 gold pieces.

Inventory:

Hand Weapons
 a - a +0 mace (weapon)
Scrolls
 c - a scroll of blinking {unknown}
 d - 2 scrolls of identify {unknown}
 k - a scroll of fear {unknown}
 l - 2 scrolls of remove curse {unknown}
Potions
 j - a potion of curing {unknown}
Comestibles
 b - a bread ration
 g - a meat ration
 h - 2 chunks of flesh
 i - a slice of pizza


   Skills:
 + Level 5.7 Fighting
 - Level 3.0 Maces & Flails
 - Level 2.6 Dodging


You had 3 spell levels left.
You didn't know any spells.

Dungeon Overview and Level Annotations

Branches:
Dungeon (3/15)

Altars:
Kikubaaqudgha
Yredelemnul
The Shining One


Innate Abilities, Weirdness & Mutations

Your plain brown scales are hard (AC +5).
Your body does not fit into most forms of armour.
You are cold-blooded and may be slowed by cold attacks.


Message History

You are too injured to fight recklessly!
You are too injured to fight recklessly!
You are too injured to fight recklessly!
You are too injured to fight recklessly!
You are too injured to fight recklessly!
Drink which item? (? for menu, Esc to quit)
It was a potion of cure mutation.
It has a very clean taste.
The phantom closely misses you. The adder bites you.
* * * LOW HITPOINT WARNING * * *
You are lethally poisoned!
The adder poisons you! The phantom hits you.
* * * LOW HITPOINT WARNING * * *
The adder bites you but does no damage.
Drink which item? (? for menu, Esc to quit)
You can't drink that!
Drink which item? (? for menu, Esc to quit)
It was a potion of degeneration.
There was something very wrong with that liquid.
You feel weakened.
You feel dopey.
You feel clumsy.
You die...

......##....## ####
##..........(#########
###.######..#.......#
#.# #..<.......# #.##
###.##.......#
#..##.............#
####.#..##.##.......###
#......##..##.........#
#..##...........@W.....#
#. ##...........S#+#..#
. #........##..+
.............##..#
#####........##....
#........##.....
#........########
##########


You could see a phantom and an adder.

Vanquished Creatures
  3 adders
  An adder zombie (D:6)
  2 worms (D:2)
  2 dart slugs
  A giant gecko (D:1)
  4 giant cockroaches
  10 goblins
  7 hobgoblins
  6 jackals (D:1)
  2 ball pythons
  4 bats
  5 giant newts (D:1)
  A kobold (D:2)
  6 rats
54 creatures vanquished.

Notes
Turn   | Place    | Note
--------------------------------------------------------------
     0 | D:1      | Gottschkopf the Draconian Berserker began the quest for the Orb.
     0 | D:1      | Reached XP level 1. HP: 19/19 MP: 1/1
    77 | D:1      | Reached skill level 4 in Fighting
    77 | D:1      | Reached XP level 2. HP: 11/27 MP: 2/2
   775 | D:1      | Reached XP level 3. HP: 34/34 MP: 3/3
   818 | D:1      | Reached ** piety under Trog
  1194 | D:2      | Reached skill level 5 in Fighting
  1521 | D:2      | Found a glowing golden altar of the Shining One.
  1571 | D:2      | Reached XP level 4. HP: 35/42 MP: 4/4
  1794 | D:3      | You fall through a shaft for 3 floors!
  1809 | D:6      | Found a basalt altar of Yredelemnul.
  1878 | D:6      | Found an ancient bone altar of Kikubaaqudgha.
  1997 | D:6      | Noticed a phantom
  2019 | D:6      | HP: 1/44 [phantom (2)]
  2020 | D:6      | Succumbed to an adder's poison

Skill      XL: |  1  2  3 |
---------------+----------+-----
Fighting       | 4 5 |  5.7
Maces & Flails | |  3.0
Dodging        | |  2.6

Action                   |  1- 3 |  4- 6 || total
-------------------------+-------+-------++-------
Melee: Mace              |   149 |    27 ||   176
       Tailslap          |    14 |     2 ||    16
Invok: Berserk           |     1 |     1 ||     2
  Use: Potion            |       |     2 ||     2
  Eat: Chunk             |     3 |     2 ||     5
Armor: Skin              |    70 |     7 ||    77
Dodge: Dodged            |   139 |    32 ||   171
